 Dungeon Crawl Stone Soup version 0.14.0-6-g1bc2dff (webtiles) character file.

19843 Kanakotka the Spry (level 12, -2/58 HPs)
             Began as a Felid Monk on Apr 12, 2014.
             Slain by a yak (16 damage)
             ... on Level 4 of the Lair of Beasts.
             The game lasted 01:54:35 (32684 turns).

Kanakotka the Spry (Felid Monk)                    Turns: 32684, Time: 01:54:36

HP  -2/58        AC  6     Str 11      XL: 12   Next: 32%
MP  19/19        EV 34     Int 12      God:
Gold 848         SH  0     Dex 19      Spells:  2 memorised,  7 levels left
Lives: 0, deaths: 3

rFire  . . .     SeeInvis +       - Unarmed
rCold  + . .     Clarity  +     (armour unavailable)
rNeg   . . .     Conserve .     (shield unavailable)
rPois  .         rCorr    .     (helmet unavailable)
rElec  .         rRot     .     (cloak unavailable)
SustAb . .       Spirit   .     (gloves unavailable)
rMut   .         Warding  .     (boots unavailable)
Saprov . . .     Stasis   .     (no amulet)
MR     +....                    s - +3 ring of protection
                                f - cursed +6,+3 ring of slaying

@: quick, somewhat resistant to hostile enchantments, extraordinarily stealthy
A: paw claws, no armour, no weapons or thrown items, fangs 3, see invisible,
carnivore 3, clarity, speed 1, shaggy fur 3, slow metabolism 1, jump 3
a: Jump Attack


You were on level 4 of the Lair of Beasts.
You were very full.

You visited 2 branches of the dungeon, and saw 17 of its levels.

You collected 881 gold pieces.
You spent 33 gold pieces at shops.

Inventory:

Magical devices
 g - a wand of digging (9)
 h - a wand of confusion (9)
 n - a wand of flame (17)
 q - a wand of frost (4)
 t - a wand of cold (3)
 u - a wand of teleportation (0)
 A - a wand of lightning (4)
 E - a wand of cold (7)
 F - a wand of magic darts (8)
Comestibles
 b - 10 meat rations
Scrolls
 c - 4 scrolls of magic mapping
 i - 5 scrolls of identify
 l - 6 scrolls of remove curse
 r - 2 scrolls of amnesia
 z - a scroll of fear {unknown}
 B - 2 scrolls of teleportation
 G - a scroll of blinking
Jewellery
 d - an uncursed ring of magical power
 f - a cursed +6,+3 ring of slaying (left paw)
 j - the ring of Heresy {-Cast MR+ Dex+2}
   (You found it on level 5 of the Dungeon)

   [ring of protection from magic]

   It affects your dexterity (+2).
   It prevents spellcasting.
 k - an uncursed ring of fire
 o - an uncursed ring of flight
 s - a +3 ring of protection (right paw)
 v - an uncursed ring of magical power
Potions
 a - 7 potions of curing
 e - 2 potions of resistance
Books
 m - a book of Party Tricks

   Spells                             Type                      Level
   Summon Butterflies                 Summoning                    1
   Apportation                        Translocation                1
   Blink                              Translocation                2
   Alistair's Intoxication            Transmutation/Poison         4
   Tukima's Dance                     Hexes                        5
 p - a book of Callings

   Spells                             Type                      Level
   Summon Small Mammal                Summoning                    1
   Call Imp                           Summoning                    2
   Call Canine Familiar               Summoning                    3
   Summon Guardian Golem              Hexes/Summoning              4
   Summon Lightning Spire             Summoning/Air                4
   Summon Ice Beast                   Ice/Summoning                4
 w - a book of Burglary

   Spells                             Type                      Level
   Apportation                        Translocation                1
   *Swiftness                         Charms/Air                   2
   Passwall                           Transmutation/Earth          3
   Passage of Golubria                Translocation                4
   Lee's Rapid Deconstruction         Earth                        5
   Darkness                           Hexes                        7
 y - a book of Spatial Translocations

   Spells                             Type                      Level
   Apportation                        Translocation                1
   Blink                              Translocation                2
   *Shroud of Golubria                Charms/Translocation         2
   Portal Projectile                  Translocation                3
   Teleport Other                     Translocation                3
   Passage of Golubria                Translocation                4
Miscellaneous
 x - a sack of spiders


   Skills:
 + Level 10.1 Fighting
 * Level 17.8 Dodging
 + Level 14.0 Stealth
 + Level 11.0 Unarmed Combat
 + Level 4.0 Charms


You had 7 spell levels left.
You knew the following spells:

 Your Spells              Type           Power        Failure   Level  Hunger
a - Shroud of Golubria    Chrm/Tloc      #.........   21%         2    ###....
b - Swiftness             Chrm/Air       #.......     21%         2    ###....


Dungeon Overview and Level Annotations

Branches:
Dungeon (11/15)            Temple (0/1) D:4            Lair (6/8) D:9
  Snake (0/5) Lair:5        Slime (0/6) Lair:6
    Orc: D:9-12       Swamp: Lair:3-6    Shoals: Lair:3-6    Spider: Lair:3-6

Altars:
Cheibriados
Elyvilon
Fedhas
Okawaru
Sif Muna
Vehumet
Xom
Zin
The Shining One

Shops:
D:4 (   D:6 [   D:8 *

Annotations:
Lair:4 exclusion: oklob plant


Innate Abilities, Weirdness & Mutations

You cannot wear armour.
You are incapable of wielding weapons or throwing items.
Your paws have sharp claws.
You have razor-sharp teeth.
You have supernaturally acute eyesight.
You are carnivorous and can eat meat at any time.
You cover ground quickly.
Your thick and shaggy fur keeps you warm (AC +3, rC+).
You have a slow metabolism.
You can jump attack at a long distance.
You possess an exceptional clarity of mind.


Message History

The yak gores you.
You scratch the yak. You bite the yak.
The yak is heavily wounded.
The yak barely misses you.
You closely miss the yak.
The yak is heavily wounded.
The yak completely misses you.
You claw the yak!
The yak is severely wounded.
You claw the yak!
The yak is almost dead.
The yak completely misses you.
You barely miss the yak.
The yak is almost dead.
The yak gores you!
* * * LOW HITPOINT WARNING * * *
You barely miss the yak.
The yak is almost dead.
The yak gores you!
You die...

.##
#.....#.........≈≈≈≈≈≈...##.
.#
#..............#..≈≈≈.....(.
##
#...........................
#
#>.............#....Y.Y.....
# #.....f.......######...###
# ###.####..Y..### #...## #
######### ###YP## ###....#
###.##P# ##@## #..Y..f#
##.....########..P####
##.....#
#..##.....#..........###
#.#..###
.#.f..........###......#
#.......
.....#.PP###.###.......#
#....... ...##...## ###
##......###.#..... ##.###.##
###.....##........ #......##
#........P...ff... #####[#.#
##................


You could see 2 yaks.

Vanquished Creatures
  4 hydras
  2 death yaks
  A catoblepas (Lair:3)
  An unseen horror (D:10)
  Pikel (D:9)
  3 hill giants (D:11)
  A griffon (Lair:5)
  8 black mambas
  A cyclops (D:11)
  5 elephants (Lair:3)
  2 gargoyles
  2 fire drakes
  A feature mimic (Lair:1)
  5 spiny frogs
  6 komodo dragons
  A polar bear (Lair:3)
  A hydra zombie (D:11)
  3 two-headed ogres
  3 trolls
  8 blink frogs
  A basilisk (Lair:2)
  A shadow (D:11)
  A spriggan (D:7)
  18 yaks
  2 deep elf magi (D:10)
  An elephant slug (Lair:4)
  4 ugly things
  A steam dragon (Lair:3)
  Edmund (D:4)
  5 hippogriffs
  A mottled dragon (D:11)
  8 water moccasins
  6 orc warriors
  12 porcupines
  2 giant goldfish (Lair:4)
  2 sky beasts
  2 phantoms
  2 ice beasts (D:10)
  2 ogres
  5 centaurs
  A boring beetle (Lair:5)
  Sigmund (D:3)
  4 crocodiles
  3 giant slugs
  A big kobold (D:4)
  12 giant frogs
  7 killer bees
  3 scorpions
  A vampire bat (D:4)
  A quasit (D:8)
  10 wights
  2 electric eels (Lair:4)
  6 crimson imps
  A giant frog zombie (D:7)
  7 hounds
  3 big fish (Lair:4)
  8 iguanas
  4 orc priests
  11 worker ants
  A giant frog skeleton (D:11)
  10 orc wizards
  Ijyb (D:4)
  Jessica (D:3)
  A killer bee zombie (D:9)
  2 mummies
  19 adders
  4 gnolls (D:10)
  3 giant mites
  2 orc skeletons
  9 worms
  2 inept feature mimics
  An orc zombie (D:7)
  6 giant eyeballs
  2 oozes (D:3)
  30 orcs
  2 spectral bats (D:4)
  A ball python (D:1)
  28 bats
  4 bat skeletons
  A bat zombie (D:4)
  3 fire bats (D:4)
  3 giant cockroaches
  16 hobgoblins
  36 kobolds
  9 quokkas
  A bat simulacrum (D:4)
  8 giant geckos
  5 giant newts
  20 goblins
  A goblin skeleton (D:5)
  37 jackals
  21 rats
  4 ballistomycetes (D:11)
  A plant (D:4)
517 creatures vanquished.

Vanquished Creatures (others)
  An ogre (D:9)
  2 slaves (D:9)
  A crimson imp (D:9)
  A bat (D:9)
  A giant spore (D:11)
  A ballistomycete (D:11)
  A bush (Lair:2)
  7 fungi
  3 plants
18 creatures vanquished.

Grand Total: 535 creatures vanquished

Notes
Turn   | Place    | Note
--------------------------------------------------------------
     0 | D:1      | Kanakotka, the Felid Monk, began the quest for the Orb.
     0 | D:1      | Reached XP level 1. HP: 9/9 MP: 2/2
   233 | D:1      | Reached XP level 2. HP: 13/13 MP: 3/3
   901 | D:2      | Reached XP level 3. HP: 16/16 MP: 5/5
  1292 | D:2      | Found a snail-covered altar of Cheibriados.
  1679 | D:2      | Reached skill level 5 in Dodging
  2432 | D:2      | Reached XP level 4. HP: 8/20 MP: 7/7
  3768 | D:3      | Found a glowing silver altar of Zin.
  3768 | D:3      | Found a glowing golden altar of the Shining One.
  3768 | D:3      | Found a white marble altar of Elyvilon.
  3860 | D:3      | Noticed an ogre
  3865 | D:3      | HP: 1/20 [ogre/giant club (19)]
  3866 | D:3      | Demolished by an ogre
  3867 | D:3      | Reached XP level 3. HP: -18/16 MP: 5/5
  3870 | D:3      | Noticed Jessica
  3874 | D:3      | Killed Jessica
  3874 | D:3      | Reached XP level 4. HP: 18/20 MP: 7/7
  3901 | D:3      | Noticed Sigmund
  3951 | D:4      | Noticed Edmund
  4045 | D:4      | Noticed a phantom
  4245 | D:4      | Noticed a giant frog
  4287 | D:3      | Killed Sigmund
  4287 | D:3      | Reached XP level 5. HP: 24/24 MP: 8/8
  4362 | D:3      | Reached skill level 6 in Dodging
  4617 | D:4      | Killed a giant frog
  4779 | D:4      | Gained mutation: You are covered in thick fur (AC +2). [growing up]
  4779 | D:4      | Gained mutation: You can jump attack at a medium distance. [growing up]
  4779 | D:4      | Reached XP level 6. HP: 14/28 MP: 10/10
  5010 | D:4      | Found a staircase to the Ecumenical Temple.
  5136 | D:4      | Killed Edmund
  5136 | D:4      | Reached skill level 5 in Stealth
  5136 | D:4      | Reached skill level 5 in Unarmed Combat
  5387 | D:4      | Noticed a big kobold
  5779 | D:4      | HP: 1/28 [big kobold/short sword (4)]
  6137 | D:4      | Gained mutation: You possess an exceptional clarity of mind. [potion of beneficial mutation]
  6161 | D:4      | Killed a big kobold
  6717 | D:4      | Noticed Ijyb
  6729 | D:4      | Killed Ijyb
  6729 | D:4      | Reached skill level 7 in Dodging
  6729 | D:4      | Reached XP level 7. HP: 31/31 MP: 12/12
  6773 | D:4      | Killed a phantom
  6982 | D:4      | Found Ghieshri's Antique Weapon Shop.
  7017 | D:4      | Found a radiant altar of Vehumet.
  7359 | D:5      | Entered Level 5 of the Dungeon
  7620 | D:5      | Reached skill level 8 in Dodging
  7921 | D:5      | Got a ruby-encrusted ring mail
  7922 | D:5      | Identified the cursed +0 ring mail of the Snail {rC++ Acc-3} (You found it on level 5 of the Dungeon)
  8055 | D:5      | Got a wavering brass ring
  8810 | D:6      | Reached XP level 8. HP: 31/36 MP: 13/13
  8873 | D:6      | Found an iron altar of Okawaru.
  9206 | D:6      | Identified the ring of Heresy {-Cast MR+ Dex+2} (You found it on level 5 of the Dungeon)
  9706 | D:6      | Reached skill level 9 in Dodging
 10062 | D:6      | Found Kaved's Antique Armour Shoppe.
 10594 | D:7      | Reached skill level 5 in Fighting
 10939 | D:7      | Reached skill level 10 in Dodging
 11226 | D:7      | Reached XP level 9. HP: 31/40 MP: 15/15
 11987 | D:7      | Paralysed by a giant eyeball for 3 turns
 12210 | D:7      | Paralysed by a giant eyeball for 4 turns
 12496 | D:7      | Reached skill level 11 in Dodging
 12499 | D:7      | Found a deep blue altar of Sif Muna.
 13741 | D:8      | Found Graa's General Store.
 13744 | D:8      | Bought a potion of restore abilities for 33 gold pieces
 13976 | D:8      | Reached skill level 12 in Dodging
 14180 | D:8      | Found a deep blue altar of Sif Muna.
 14323 | D:8      | Reached XP level 10. HP: 46/46 MP: 17/17
 14836 | D:9      | You fall through a shaft!
 14836 | D:10     | Entered Level 10 of the Dungeon
 15147 | D:9      | Reached skill level 10 in Stealth
 15155 | D:9      | HP: 2/46 [white ugly thing (23)]
 15565 | D:9      | Found a shimmering altar of Xom.
 15585 | D:9      | Noticed Pikel
 15598 | D:9      | Killed Pikel
 15598 | D:9      | Reached skill level 13 in Dodging
 16225 | D:9      | Found a staircase to the Lair.
 16460 | Lair:1   | Entered Level 1 of the Lair of Beasts
 17682 | Lair:2   | Noticed an eight-headed hydra
 17804 | Lair:2   | Noticed a six-headed hydra
 17818 | Lair:2   | Killed a six-headed hydra
 18024 | Lair:2   | Reached XP level 11. HP: 45/51 MP: 18/18
 18065 | Lair:2   | Reached skill level 14 in Dodging
 20440 | Lair:3   | Noticed an eight-headed hydra
 20449 | Lair:3   | Reached skill level 15 in Dodging
 20652 | Lair:3   | Noticed a catoblepas
 20665 | Lair:3   | Killed a catoblepas
 20735 | Lair:3   | Noticed a seven-headed hydra
 20751 | Lair:3   | Killed a seven-headed hydra
 21944 | Lair:4   | Gained mutation: Your thick and shaggy fur keeps you warm (AC +3, rC+). [growing up]
 21944 | Lair:4   | Gained mutation: You can jump attack at a long distance. [growing up]
 21944 | Lair:4   | Reached XP level 12. HP: 34/56 MP: 19/19
 22234 | Lair:4   | Mangled by an elephant slug
 22235 | Lair:4   | Reached XP level 11. HP: -6/52 MP: 18/18
 23033 | Lair:4   | Found a blossoming altar of Fedhas.
 23544 | Lair:5   | Reached skill level 16 in Dodging
 23665 | Lair:5   | Noticed an eight-headed hydra
 23962 | Lair:5   | Reached skill level 10 in Unarmed Combat
 23973 | Lair:5   | Found a frozen archway.
 24315 | Lair:5   | Found a staircase to the Snake Pit.
 24388 | Lair:3   | Slain by a black mamba
 24389 | Lair:3   | Reached XP level 10. HP: 0/49 MP: 17/17
 25005 | Lair:5   | Noticed a death yak
 25006 | Lair:5   | Noticed a death yak
 25006 | Lair:5   | Noticed a death yak
 25790 | D:10     | Reached XP level 11. HP: 36/53 MP: 18/18
 26345 | D:10     | Noticed an unseen horror
 26370 | D:10     | Killed an unseen horror
 26502 | D:10     | Learned a level 2 spell: Shroud of Golubria
 26505 | D:10     | Learned a level 2 spell: Swiftness
 26928 | D:11     | Noticed a hill giant
 26936 | D:11     | Killed a hill giant
 26936 | D:11     | Reached skill level 17 in Dodging
 27154 | D:11     | Noticed a six-headed hydra
 27765 | D:11     | Reached skill level 1 in Charms
 28240 | D:11     | Noticed a hill giant
 28250 | D:11     | Killed a hill giant
 28395 | D:11     | Noticed a six-headed hydra
 28403 | D:11     | Killed a six-headed hydra
 28555 | D:11     | Paralysed by a giant eyeball for 4 turns
 29181 | D:11     | Killed a six-headed hydra
 29260 | D:11     | Noticed a hill giant
 29269 | D:11     | Killed a hill giant
 29269 | D:11     | Reached skill level 10 in Fighting
 29369 | D:11     | Noticed an ogre mage
 29824 | D:11     | Paralysed by an ogre mage for 3 turns
 30034 | Lair:4   | Reached XP level 12. HP: 55/58 MP: 19/19
 30061 | Lair:5   | Noticed a death yak
 30062 | Lair:5   | Noticed a death yak
 30063 | Lair:5   | Noticed a death yak
 31302 | Lair:6   | Paralysed by a potion of paralysis for 4 turns
 31379 | Lair:6   | Found a staircase to the Slime Pits.
 32644 | Lair:4   | Killed a death yak
 32684 | Lair:4   | Slain by a yak

Action                   |  1- 3 |  4- 6 |  7- 9 | 10-12 || total
-------------------------+-------+-------+-------+-------++-------
Melee: Unarmed           |   141 |   283 |   687 |  1336 ||  2447
 Cast: Shroud of Golubri |       |       |       |     3 ||     3
 Abil: Jump Attack       |     3 |     3 |    14 |    12 ||    32
Evoke: Wand              |       |       |     2 |     8 ||    10
  Use: Scroll            |     6 |     3 |     8 |     3 ||    20
       Potion            |     3 |     5 |     9 |    17 ||    34
 Stab: Sleeping          |     4 |     6 |    21 |    56 ||    87
       Distracted        |       |       |     2 |     6 ||     8
       Invisible         |       |       |       |     2 ||     2
       Fleeing           |       |       |       |     1 ||     1
